 Dungeon Crawl Stone Soup version 0.31-a0-879-g1609e0ac53 (webtiles) character file.

Game seed: 1794025539141866171

169638 Armakuni the Tortoise (level 18, -5/134 HPs)
             Began as a Human Wanderer on Oct 14, 2023.
             Was an Initiate of Gozag.
             Slain by a spark wasp (15 damage)
             ... on level 2 of the Spider Nest.
             The game lasted 01:31:01 (26052 turns).

Armakuni the Tortoise (Human Wanderer)             Turns: 26052, Time: 01:31:01

Health: -5/134     AC: 29    Str: 25 (26) XL:     18   Next: 61%
Magic:  25/25      EV: 12    Int: 11 (14) God:    Gozag
Gold:   596        SH:  7    Dex: 15      Spells: 20/27 levels left

rFire   . . .        b - +3 broad axe (venom)
rCold   + + .        B - +2 buckler {rPois}
rNeg    . . .        k - +5 plate armour
rPois   +            P - +2 hat {SInv}
rElec   .            U - scarf {rC+ rF+}
rCorr   .            N - +1 pair of gloves {Str+3}
SInv    +            K - +1 pair of boots {rampage}
Will    +....        R - amulet of regeneration Stlth
                     V - +6 ring of strength
HPRegen 1.22/turn    r - ring of ice
MPRegen 0.19/turn

%: rampage
@: gold aura
A: no striking features
a: Renounce Religion, Potion Petition, Call Merchant, Bribe Branch


You were on level 2 of the Spider Nest.
You worshipped Gozag.
Gozag was pleased with you.
You visited 5 branches of the dungeon, and saw 25 of its levels.
You also visited: Sewer, Bailey and Ice Cave.

You collected 9617 gold pieces.
You spent 4381 gold pieces at shops.
You paid 4640 gold pieces to Gozag.

Inventory:

Hand Weapons
 b - a +3 broad axe of venom (weapon)
Missiles
 X - a throwing net
Armour
 k - a +5 plate armour (worn)
 B - a +2 buckler of poison resistance (worn)
 K - a +1 pair of boots of rampaging (worn)
 N - a +1 pair of gloves of strength (worn)
 P - a +2 hat of see invisible (worn)
 U - a scarf of resistance (worn)
Magical Staves
 a - a staff of conjuration
Jewellery
 r - a ring of ice (right hand)
 A - an amulet of the acrobat
 J - the amulet "Axtofa" {Faith Rampage Will+}
   (You found it on level 3 of the Lair of Beasts)

   [amulet of faith]

   Faith:     It allows you to gain divine favour quickly.
   Will+:     It increases your willpower.
   Rampage:   It bestows one free step when moving towards enemies.
 R - an amulet of regeneration (around neck)
 S - a +6 ring of strength
 V - a +6 ring of strength (left hand)
Wands
 d - a wand of charming (4)
 j - a wand of iceblast (8)
 m - a wand of mindburst (10)
 p - a wand of polymorph (10)
 v - a wand of flame (7) (quivered)
Scrolls
 e - 14 scrolls of teleportation
 h - 5 scrolls of fog
 s - 5 scrolls of identify
 u - 10 scrolls of fear
 w - a scroll of torment
 x - 3 scrolls of amnesia
 y - 3 scrolls of vulnerability
 C - a scroll of revelation
 F - 5 scrolls of blinking
 G - a scroll of poison
 M - a scroll of silence
 W - 2 scrolls of noise
Potions
 g - 3 potions of heal wounds
 i - 2 potions of haste
 l - a potion of magic
 o - 11 potions of enlightenment
 q - 5 potions of curing
 z - 3 potions of cancellation
 D - 4 potions of resistance
 I - 2 potions of ambrosia
 O - 6 potions of mutation
 T - 3 potions of lignification
Miscellaneous
 c - a phantom mirror (inert)
 t - a tin of tremorstones (inert)


   Skills:
 - Level 10.0 Fighting
 + Level 6.3 Axes
 - Level 14.0 Staves
 - Level 15.0 Armour
 - Level 10.0 Dodging
 - Level 5.4 Shields
 - Level 5.0 Spellcasting
 - Level 10.9 Conjurations
 - Level 4.0 Translocations
 - Level 10.0 Evocations


You had 20 spell levels left.
You knew the following spells:

 Your Spells              Type           Power      Damage    Failure   Level
a - Apportation           Tloc           22%        N/A       34%         1
l - Lesser Beckoning      Tloc           22%        N/A       47%         2
m - Iskenderun's Mystic   Conj/Tloc      19%        2d6       65%         4

Your spell library contained the following spells:

 Spells                   Type           Power      Damage    Failure   Level
 Magic Dart               Conj           100%       1d8       1%          1
 Dazzling Flash           Conj/Hex       28%        N/A       52%         3
 Stone Arrow              Conj/Erth      28%        3d8       52%         3
 Gell's Gravitas          Tloc           11%        N/A       71%         3
 Teleport Other           Tloc           11%        N/A       71%         3
 Mephitic Cloud           Conj/Pois/Air  10%        N/A       77%         3
 Necrotise                Necr           8%         1d4       88%         1
 Summon Small Mammal      Summ           8%         N/A       88%         1
 Flame Wave               Conj/Fire      14%        2d6       89%         4
 Fulminant Prism          Conj/Hex       7%         3d6       89%         4
 Sticky Flame             Conj/Fire      14%        2d4       89%         4
 Volatile Blastmotes      Fire/Tloc      14%        2d11      94%         3
 Call Imp                 Summ           4%         N/A       95%         2
 Cigotuvi's Dreadful Rot  Necr/Pois/Air  4%         N/A       95%         2
 Ensorcelled Hibernation  Hex/Ice        8%         N/A       95%         2
 Passwall                 Tmut/Erth      1%         N/A       95%         2
 Scorch                   Fire           4%         2d5       95%         2
 Sublimation of Blood     Necr           2%         N/A       95%         2
 Wereblood                Tmut           2%         N/A       95%         2
 Passage of Golubria      Tloc           11%        N/A       98%         4
 Ignite Poison            Fire/Tmut/Pois 2%         N/A       99%         3
 Inner Flame              Hex/Fire       2%         N/A       99%         3
 Swiftness                Air            2%         N/A       99%         3
 Tukima's Dance           Hex            2%         N/A       99%         3
 Irradiate                Conj/Tmut      7%         3d14      99%         5
 Animate Armour           Summ/Erth      4%         N/A       100%        4
 Dispel Undead            Necr           2%         3d7       100%        4
 Agony                    Necr           2%         N/A       100%        5
 Borgnjor's Vile Clutch   Necr/Erth      1%         N/A       100%        5
 Freezing Cloud           Conj/Ice/Air   8%         6-21      100%        5
 Silence                  Hex/Air        1%         N/A       100%        5
 Yara's Violent Unravell  Hex/Tmut       1%         3d3       100%        5
 Death Channel            Necr           1%         N/A       100%        6
 Summon Cactus Giant      Summ           1%         N/A       100%        6
 Ozocubu's Refrigeration  Ice            2%         4d7       100%        7
 Summon Hydra             Summ           1%         N/A       100%        7
 Lehudib's Crystal Spear  Conj/Erth      7%         10d3      100%        8
 Polar Vortex             Ice            2%         N/A       100%        9
 Animate Dead             Necr           Unusable   N/A       N/A         4
 Simulacrum               Ice/Necr       Unusable   N/A       N/A         6

Dungeon Overview and Level Annotations

Branches:
Dungeon (15/15)            Temple (1/1) D:7            Lair (5/5) D:8
 Shoals (0/4) Lair:3       Spider (2/4) Lair:2        Slime (0/5) Lair:5
    Orc (2/2) D:10            Elf (0/3) Orc:2        Vaults (0/5) D:13
  Sewer (visited)          Bailey (visited)           IceCv (visited)
 Depths: D:15

Altars:
Ashenzari
Cheibriados
Dithmenos
Elyvilon
Fedhas
Gozag
Hepliaklqana
Kikubaaqudgha
Makhleb
Nemelex Xobeh
Okawaru
Qazlal
Ru
Sif Muna
Trog
Uskayaw
Vehumet
Wu Jian
Xom
Yredelemnul
Zin
The Shining One
Jiyva

Shops:
D:1 (   D:7 =   D:8 (   D:9 (   D:10 :=!   D:13 (   Orc:2 [=!(   Lair:1 ?[![

Annotations:
D:15 Jorgrun


Message History

You block the spark wasp's attack.
The jumping spider pounces on you but does no damage.
The jumping spider closely misses you. The spark wasp stings you.
The spark wasp shocks you!
The jumping spider pounces on you but does no damage.
You block the jumping spider's attack.
The spark wasp stings you but does no damage.
You miss the spark wasp.
The spark wasp is moderately wounded.
You hit the jumping spider.
The jumping spider looks as sick as possible!
The jumping spider barely misses you.
The jumping spider bites you but does no damage.
The spark wasp stings you! The spark wasp shocks you!
The spark wasp closely misses you. The jumping spider barely misses you.
The jumping spider closely misses you.
You are too injured to fight recklessly!
You are too injured to fight recklessly!
You are too injured to fight recklessly!
You closely miss the spark wasp.
The spark wasp is moderately wounded.
You slash the jumping spider!
The jumping spider looks as sick as possible!
You kill the jumping spider!
You block the spark wasp's attack.
The spark wasp stings you but does no damage.
You hit the spark wasp but do no damage.
The spark wasp is heavily wounded.
The spark wasp stings you. The spark wasp shocks you!
The spark wasp stings you!
* * * LOW HITPOINT WARNING * * *
The spark wasp shocks you!
* * * LOW HITPOINT WARNING * * *
You slash the spark wasp!
The spark wasp is severely wounded.
The spark wasp stings you!
* * * LOW HITPOINT WARNING * * *
The spark wasp shocks you!
You die...
Your body crumbles into a pile of gold.

# ## .. ##.
... .. ..#
.#...#. ##
##y.....#
#.####
#@##.#.#
#..#.## #
####$..^.#..
...[..#.#
#...........
#..^#...#
#..<#^..#...
##.!.#..#
##..^#...##.
#.<...#..#.
##...#.##
......^..^.
.#...##
..#..##.....
. ...#
#s#####..#.#
#. ####


You could see a spark wasp (very poisoned).

Vanquished Creatures
  A ghost moth (Spider:2)
  The ghost of eyesofgods1 the Carver, a journeyman DsGl of Gozag (Lair:1)
  An ettin (Orc:1)
  A fire dragon (Lair:5)
  Fannar (D:10)
  An ironbound frostheart (D:13)
  4 hydras
  8 boulder beetles
  2 ogre magi (Orc:2)
  A catoblepas (Lair:2)
  6 centaur warriors
  4 death yaks (Lair:2)
  5 two-headed ogres
  Urug (D:11)
  3 demonic crawlers
  A pharaoh ant (Spider:1)
  A skyshark (Lair:4)
  3 lindwurms
  A wizard (D:15)
  Pikel (D:5)
  2 deep elf pyromancers (D:14)
  A necromancer (IceCv)
  3 orc knights
  12 ugly things
  A manticore (D:11)
  7 cyclopes
  8 elephants (Lair:5)
  10 orc sorcerers
  6 wolf spiders
  7 black mambas
  2 molten gargoyles (Lair:5)
  A gargoyle (D:11)
  A torpor snail (Lair:2)
  An ice statue (IceCv)
  An unseen horror (D:12)
  12 komodo dragons
  8 cane toads
  3 rime drakes (Lair:2)
  2 freezing wraiths (IceCv)
  3 kobold demonologists
  15 ice devils
  An anaconda simulacrum (IceCv)
  3 polar bears
  A queen bee (Lair:1)
  3 trolls
  3 meliai (D:14)
  6 tarantellas
  2 hornets (Lair:1)
  7 dream sheep (Lair:3)
  21 blink frogs
  13 slime creatures
  7 jumping spiders
  A shadow (D:10)
  A dire elephant simulacrum (IceCv)
  2 ynoxinuls (D:12)
  4 wyverns
  5 wraiths
  63 yaks
  A spriggan (Lair:2)
  11 basilisks
  2 humans (D:13)
  The ghost of AceOff the Ruffian, an amateur DrGl of Qazlal (D:4)
  3 steam dragons
  5 redbacks
  2 vampire mosquitoes (D:14)
  5 death yak simulacra (IceCv)
  2 harpy simulacra (IceCv)
  3 hydra simulacra (IceCv)
  7 water moccasins
  2 hell hounds (Lair:5)
  31 orc warriors
  2 black bears (D:6)
  7 ogres
  8 wolves
  5 centaurs
  A kobold brigand (D:9)
  13 bullfrogs
  A scorpion (D:7)
  4 cane toad simulacra (IceCv)
  The ghost of mew71 the Shooter, a weakling MiHu (D:4)
  14 killer bees
  5 elephant simulacra (IceCv)
  2 howler monkeys (D:7)
  An electric eel (Spider:1)
  6 lava snakes
  7 orc priests
  7 jellies
  2 hounds
  35 orc wizards
  3 iguanas
  2 polar bear simulacra (IceCv)
  2 troll simulacra (IceCv)
  4 wolf simulacra (IceCv)
  8 gnolls (Bailey)
  13 adders
  2 naga simulacra (IceCv)
  6 river rats (Sewer)
  A shadow imp (D:7)
  2 white imps
  9 ufetubi
  3 worms
  The ghost of Azuregosa the Sneak, a weakling OpDe (D:4)
  2 dart slugs
  73 orcs
  5 endoplasms
  7 giant cockroaches
  14 goblins
  17 hobgoblins
  11 jackals
  3 quokkas
  18 ball pythons
  12 bats
  8 frilled lizards
  14 kobolds
  4 rats
736 creatures vanquished.

Vanquished Creatures (collateral kills)
  Gastronok (Lair:1)
  A hydra (Lair:5)
  A hornet (D:8)
  A steam dragon (D:8)
  A warg (D:8)
  An ogre (D:6)
  3 orc warriors (Bailey)
  A lemure (D:5)
  An orc priest (Orc:1)
  3 orcs
14 creatures vanquished.

Vanquished Creatures (others)
  A culicivora (Spider:2)
  A slime creature (D:12)
  A warg (D:8)
  2 hell hounds (Lair:5)
  A water moccasin (Lair:2)
  2 jellies (Lair:5)
  An orc wizard (Orc:2)
9 creatures vanquished.

Grand Total: 759 creatures vanquished

Notes
Turn   | Place    | Note
-------+----------+-------------------------------------------
     0 | D:1      | Armakuni the Human Wanderer began the quest for the Orb.
     0 | D:1      | Armakuni set off with the following items: a +1 hand axe, a
                  | phantom mirror, a scroll of blinking, a +0 leather armour.
     0 | D:1      | Reached XP level 1. HP: 19/19 MP: 2/2
    47 | D:1      | Reached XP level 2. HP: 25/25 MP: 3/3
    60 | D:1      | Reached skill level 1 in Armour
    60 | D:1      | Reached skill level 1 in Dodging
   111 | D:1      | Learned a level 1 spell: Apportation
   132 | D:1      | Reached XP level 3. HP: 19/30 MP: 4/4
   220 | D:1      | Found Huid's Weapon Boutique.
   249 | D:1      | You fall into a shaft and drop 1 floor!
   249 | D:2      | Found a snail-covered altar of Cheibriados.
   473 | D:1      | Reached skill level 2 in Armour
   933 | D:2      | Reached XP level 4. HP: 37/37 MP: 5/5
  1679 | D:2      | Reached XP level 5. HP: 42/42 MP: 6/6
  1807 | D:2      | Found a faded altar of an unknown god.
  2046 | D:3      | Identified the +2 robe of Ythiub {*Corrode rElec Dex+4}
  2407 | D:3      | Reached skill level 1 in Staves
  2556 | D:3      | Found an iron altar of Okawaru.
  2731 | D:4      | Reached XP level 6. HP: 38/48 MP: 7/7
  2848 | D:4      | Found a runed translucent gate.
  2849 | D:4      | Found a runed translucent gate.
  2849 | D:4      | Found a runed translucent gate.
  2850 | D:4      | Noticed mew71's ghost (weakling MiHu)
  2850 | D:4      | Noticed Azuregosa's ghost (weakling OpDe)
  2850 | D:4      | Noticed AceOff's ghost (amateur DrGl)
  2887 | D:4      | Noticed an ogre
  2893 | D:4      | Killed an ogre
  2894 | D:4      | Reached skill level 3 in Armour
  2936 | D:4      | Learned a level 3 spell: Stone Arrow
  3051 | D:4      | Found a glowing drain.
  3060 | Sewer    | Entered a sewer
  3116 | Sewer    | Identified a scroll of acquirement
  3117 | Sewer    | Acquired 798 gold pieces
  3510 | Sewer    | Reached XP level 7. HP: 52/54 MP: 8/8
  3569 | Sewer    | Reached skill level 4 in Armour
  4203 | D:4      | Learned a level 2 spell: Lesser Beckoning
  4663 | D:5      | Entered Level 5 of the Dungeon
  5262 | D:5      | Found a broken altar of Ashenzari.
  5382 | D:5      | Noticed Pikel
  5405 | D:5      | Killed Pikel
  5406 | D:5      | Reached skill level 5 in Staves
  5406 | D:5      | Reached skill level 6 in Armour
  5406 | D:5      | Reached XP level 8. HP: 18/60 MP: 9/9
  5560 | D:5      | Found a sacrificial altar of Ru.
  5701 | D:6      | Reached skill level 7 in Armour
  6350 | D:7      | Reached skill level 8 in Armour
  6350 | D:7      | Reached XP level 9. HP: 64/65 MP: 10/10
  6691 | D:7      | Found a staircase to the Ecumenical Temple.
  6727 | Temple   | Entered the Ecumenical Temple
  6765 | Temple   | Became a worshipper of Gozag Ym Sagoz the Greedy
  6913 | D:7      | Reached skill level 9 in Armour
  7167 | D:7      | Bought an amulet of regeneration for 450 gold pieces
  7569 | D:8      | Noticed a hornet
  7573 | D:8      | Paralysed by a hornet for 3 turns
  7583 | D:8      | Killed a hornet
  7584 | D:8      | Reached skill level 10 in Armour
  7979 | D:8      | Found a staircase to the Lair.
  8087 | D:8      | Found a white marble altar of Elyvilon.
  8087 | D:8      | Found a sparkling altar of Nemelex Xobeh.
  8107 | D:8      | Found a glowing silver altar of Zin.
  8171 | D:8      | Reached skill level 5 in Dodging
  8205 | D:8      | Reached XP level 10. HP: 66/71 MP: 11/11
  8443 | D:8      | Found Tyow Arph's Antique Weapon Shoppe.
  8507 | D:9      | Found a stormy altar of Qazlal.
  8514 | D:9      | Noticed a two-headed ogre
  8523 | D:9      | Killed a two-headed ogre
  8555 | D:9      | Found an ancient bone altar of Kikubaaqudgha.
  8690 | D:8      | Bought a runed quarterstaff for 259 gold pieces
  8727 | D:9      | Noticed a centaur warrior
  8739 | D:9      | Killed a centaur warrior
  9023 | D:9      | Found Irran's Weapon Emporium.
  9125 | D:9      | Found a hazy altar of Hepliaklqana.
  9326 | D:10     | Entered Level 10 of the Dungeon
  9326 | D:10     | Found Geest's Book Shoppe.
  9326 | D:10     | Found Posatad's Jewellery Shoppe.
  9326 | D:10     | Found Zett's Distillery.
  9485 | D:10     | Found a flagged portal.
  9538 | Bailey   | Entered a bailey
  9567 | Bailey   | Reached XP level 11. HP: 71/77 MP: 12/12
  9835 | Bailey   | Found an iron altar of Okawaru.
  9835 | Bailey   | Noticed an orc sorcerer
  9845 | Bailey   | Killed an orc sorcerer
  9846 | Bailey   | Noticed a sixfirhy
  9856 | Bailey   | Reached skill level 10 in Staves
 10523 | D:10     | Identified the +3 hand axe of Departure {venom, *Rage rPois
                  | rC+ Dex+2}
 10813 | D:10     | Found a staircase to the Orcish Mines.
 10899 | D:10     | Noticed Fannar
 10913 | D:10     | Killed Fannar
 10962 | D:10     | Found a glowing golden altar of the Shining One.
 10962 | D:10     | Found a shimmering altar of Xom.
 11057 | D:11     | Noticed a cyclops
 11094 | D:11     | Killed a cyclops
 11139 | D:11     | Noticed a manticore
 11163 | D:11     | Killed a manticore
 11164 | D:11     | Reached XP level 12. HP: 81/83 MP: 13/13
 11384 | D:11     | Acquired 1074 gold pieces
 11421 | D:11     | Noticed a two-headed ogre
 11433 | D:11     | Killed a two-headed ogre
 11523 | D:11     | Noticed a two-headed ogre
 11534 | D:11     | Killed a two-headed ogre
 11535 | D:11     | Reached skill level 5 in Fighting
 11792 | D:11     | Noticed Urug
 11805 | D:11     | Killed Urug
 11998 | Lair:1   | Entered Level 1 of the Lair of Beasts
 12014 | Lair:1   | Reached skill level 11 in Armour
 12041 | Lair:1   | You fall into a shaft and drop 1 floor!
 12196 | Lair:1   | Noticed Gastronok
 12220 | Lair:1   | Killed Gastronok
 12277 | Lair:1   | Noticed a death yak
 12306 | Lair:2   | Killed a death yak
 12311 | Lair:1   | Noticed a death yak
 12311 | Lair:1   | Noticed a death yak
 12311 | Lair:1   | Noticed a death yak
 12336 | Lair:2   | Killed a death yak
 12337 | Lair:2   | Reached skill level 12 in Armour
 12377 | Lair:2   | Killed a death yak
 12378 | Lair:2   | Reached XP level 13. HP: 60/98 MP: 14/14
 12542 | Lair:1   | Found a transporter.
 12545 | Lair:1   | Noticed eyesofgods1's ghost (journeyman DsGl)
 12771 | Lair:1   | Bought a potion of mutation for 128 gold pieces
 12771 | Lair:1   | Bought a potion of mutation for 128 gold pieces
 12771 | Lair:1   | Bought a potion of mutation for 128 gold pieces
 12771 | Lair:1   | Bought a potion of heal wounds for 80 gold pieces
 12771 | Lair:1   | Bought 2 potions of heal wounds for 160 gold pieces
 12771 | Lair:1   | Bought a potion of heal wounds for 80 gold pieces
 13134 | Lair:1   | Found a transporter.
 13413 | Lair:2   | Reached skill level 13 in Armour
 13520 | Lair:2   | Noticed a catoblepas
 13527 | Lair:2   | Reached skill level 10 in Fighting
 13550 | Lair:2   | Killed a catoblepas
 13664 | Lair:2   | Found a hole to the Spider Nest.
 14271 | Lair:2   | Reached skill level 14 in Armour
 14312 | Lair:3   | Found a staircase to the Shoals.
 14585 | Lair:3   | Reached XP level 14. HP: 96/110 MP: 15/15
 14687 | Lair:3   | Identified the +0 ring mail of Xuin {Rampage}
 14728 | Lair:3   | Reached skill level 15 in Armour
 15226 | Lair:3   | Reached skill level 5 in Evocations
 15484 | Lair:3   | Found a runed translucent door.
 15534 | Lair:3   | Identified the +5 whip of the Coward {venom, Str+3}
 15555 | Lair:3   | Found a runed translucent gate.
 15555 | Lair:3   | Found a runed translucent gate.
 15555 | Lair:3   | Found a runed translucent gate.
 15555 | Lair:3   | Found a runed translucent gate.
 15555 | Lair:3   | Found a runed translucent gate.
 15579 | Lair:3   | Found a runed translucent gate.
 15642 | Lair:3   | Identified the amulet "Axtofa" {Faith Rampage Will+}
 16636 | Lair:5   | Entered Level 5 of the Lair of Beasts
 16963 | Lair:5   | Found a viscous altar of Jiyva.
 17101 | Lair:5   | Reached skill level 10 in Evocations
 17286 | Lair:5   | Found a large runed translucent door.
 17287 | Lair:5   | Found a large runed translucent door.
 17339 | Lair:5   | Identified the +9 executioner's axe of the Tomato {pain,
                  | Dex+5}
 17669 | Lair:5   | Reached XP level 15. HP: 110/115 MP: 16/16
 17985 | Lair:5   | Found a staircase to the Slime Pits.
 18366 | Lair:1   | Bought shimmering ice dragon scales for 1690 gold pieces
 18366 | Lair:1   | Identified the +1 ice dragon scales "Demirito" {rF- rC++
                  | Regen+ Int+3} (You bought it in a shop on level 1 of the
                  | Lair of Beasts)
 18371 | Lair:1   | Bought a pair of glowing boots for 195 gold pieces
 18464 | Orc:1    | Entered Level 1 of the Orcish Mines
 19027 | Orc:2    | Entered Level 2 of the Orcish Mines
 19027 | Orc:2    | Found a staircase to the Elven Halls.
 19290 | Orc:2    | Found Baisou's Jewellery Boutique.
 19381 | Orc:2    | Paralysed by an orc sorcerer for 3 turns
 19458 | Orc:2    | Found a radiant altar of Vehumet.
 19535 | Orc:2    | Found Vilofrye's Distillery.
 19546 | Orc:2    | Reached skill level 10 in Dodging
 19548 | Orc:2    | Found an ancient bone altar of Kikubaaqudgha.
 19550 | Orc:2    | Paralysed by an orc sorcerer for 2 turns
 19571 | Orc:2    | Bought a potion of heal wounds for 65 gold pieces
 19606 | Orc:2    | Found Giumor's Antique Armour Shop.
 19612 | Orc:2    | Found Bivoh's Antique Weapon Boutique.
 19614 | Orc:2    | Reached skill level 1 in Conjurations
 19614 | Orc:2    | Reached skill level 1 in Translocations
 20145 | Lair:1   | Bought a +1 buckler of poison resistance for 189 gold
                  | pieces
 20174 | D:10     | Bought a book of Blasting for 364 gold pieces
 20180 | D:10     | Learned a level 4 spell: Iskenderun's Mystic Blast
 20302 | D:4      | Killed mew71's ghost
 20314 | D:4      | Killed Azuregosa's ghost
 20323 | D:4      | Killed AceOff's ghost
 20515 | Lair:1   | Killed eyesofgods1's ghost
 20708 | D:9      | Found an ornate altar of the Wu Jian Council.
 20708 | D:9      | Found a bloodstained altar of Trog.
 21567 | D:13     | Found a frozen archway.
 21605 | IceCv    | Entered an ice cave
 21631 | IceCv    | Reached XP level 16. HP: 122/122 MP: 18/18
 21908 | IceCv    | Found an ancient bone altar of Kikubaaqudgha.
 22799 | D:13     | Reached XP level 17. HP: 52/128 MP: 19/19
 22872 | D:13     | Found Ruemojur's Weapon Shoppe.
 23259 | D:13     | Reached skill level 10 in Conjurations
 23388 | D:13     | Found a gate to the Vaults.
 23871 | D:14     | Found a bloodstained altar of Trog.
 24387 | D:15     | Entered Level 15 of the Dungeon
 24415 | D:14     | Reached skill level 5 in Spellcasting
 24463 | D:15     | Noticed Jorgrun
 24676 | Lair:1   | Bought a scroll of blinking for 127 gold pieces
 24676 | Lair:1   | Bought a scroll of teleportation for 51 gold pieces
 24691 | Lair:1   | Bought a scroll of enchant armour for 127 gold pieces
 24696 | Lair:1   | Reached skill level 5 in Shields
 24696 | Lair:1   | Reached XP level 18. HP: 134/134 MP: 25/25
 24698 | Lair:1   | Bought 2 potions of curing for 96 gold pieces
 24698 | Lair:1   | Bought a potion of might for 64 gold pieces
 24767 | Spider:1 | Entered Level 1 of the Spider Nest
 25563 | Spider:1 | Identified the +3 chain mail of Analysis {rN++ Will+ MP+9
                  | Int-5}
 25773 | Spider:2 | Reached skill level 5 in Axes
 26052 | Spider:2 | Slain by a spark wasp

Illustrated notes

Levels and vault maps discovered:
D:1:      co_arrival_hexagon_in_a_hexagon, layout_loops_ring, serial_shops,
          nicolae_shop_tiny_waterfront, minmay_nonomino_d4
D:2:      layout_basic, serial_corexii_hall, chequers_hall_statues_corner_a,
          corexii_hall_statues_i, chequers_hall_statues_y,
          corexii_hall_statues_u, shapermc_ecumenical_altar_flowoftime,
          basic_altar, due_unseen_surprise
D:3:      layout_basic, lemuel_doored_altar, kennysheep_generic_room_2
D:4:      layout_loops_ring, gammafunk_ghost_cemetery, portal_sewer_entry_d
D:5:      layout_gridville, lemuel_coloured_pillars_altar,
          mainiacjoe_overflow_alcove_4, uniq_pikel
D:6:      layout_loops_ring
D:7:      layout_gridville, minmay_temple_entry_wispy, lightli_orcish_oven
D:8:      layout_gridville, gammafunk_temple_overflow_claw,
          erik_lair_orcish_takeover, serial_shops, shop, chequers_jeans
D:9:      layout_long_grid, nicolae_overflow_hidden_temple, serial_shops, shop,
          minivault_16
D:10:     layout_loops_ring, gammafunk_temple_overflow_pools, orc_0_dummy,
          enter_bailey_2, nicolae_shop_distant_corner_stores,
          minmay_fountain_box, uniq_fannar
D:11:     layout_irregular_city, uniq_urug
D:12:     layout_roguey, nicolae_fort_ynox
D:13:     layout_cave_pods, hellmonk_vaults_keyhole, serial_shops, shop,
          portal_ice_cave_demonic_guard, st_stairs_10
D:14:     layout_stronghold, bloody_trog
D:15:     hellmonk_depths_entry_around_the_bend, layout_rooms,
          lemuel_crystal_altar, uniq_jorgrun
Temple:   grunt_temple_mini_profane
Lair:1:   layout_long_grid, gammafunk_ghost_hive, uniq_gastronok
Lair:2:   layout_loops_ring, spider_nest_entry_webs,
          chequers_serial_rivers_marsh, wad_woods_03
Lair:3:   gammafunk_indiana_jones, layout_cave_pods, elwin_shoals_entry_rocks,
          minivault_24, grunt_megastairs_2
Lair:4:   layout_regular_city
Lair:5:   cheibrodos_lair_end_hotspot, layout_layer_cave,
          nicolae_slime_entry_field_trip, kennysheep_basilisk_garden
Spider:1: layout_spider_delve, hellmonk_watch_for_rolling_rocks
Spider:2: layout_spider_delve, gammafunk_ghost_split, uniq_frances
Orc:1:    layout_diamond_mine
Orc:2:    kennysheep_orc_mage_school, layout_diamond_mine

Skill      XL: |  1  2  3  4  5  6  7  8  9 10 11 12 13 14 15 16 17 18 |
---------------+-------------------------------------------------------+-----
Armour         | 1 2 3 6 8 10 12 14 15 | 15.0
Dodging        | 1 2 5 8 10 | 10.0
Evocations     | 3 10 | 10.0
Staves         | 2 3 5 8 12 13 14 | 14.0
Fighting       | 8 10 | 10.0
Conjurations   | 7 9 10 | 10.9
Translocations | 4 |  4.0
Spellcasting   | 5 |  5.0
Shields        | 5 |  5.4
Axes           | 6 |  6.3

Action                     |  1- 3 |  4- 6 |  7- 9 | 10-12 | 13-15 | 16-18 || total
---------------------------+-------+-------+-------+-------+-------+-------++-------
  Melee: Hand axe          |   126 |   188 |    91 |       |       |       ||   405
         Punch             |     1 |     3 |     4 |     1 |       |       ||     9
         Whip              |       |       |   192 |    33 |    62 |       ||   287
         Quarterstaff      |       |       |       |   672 |  1612 |   476 ||  2760
         Broad axe         |       |       |       |       |       |   111 ||   111
         Staff             |       |       |       |       |       |    89 ||    89
 Invoke: Call Merchant     |       |       |     1 |       |     3 |     1 ||     5
  Evoke: Phantom mirror    |       |     1 |     3 |     3 |     1 |     1 ||     9
         Wand              |       |       |     6 |    20 |    31 |    29 ||    86
         Tin of tremorston |       |       |       |       |     2 |     1 ||     3
    Use: Scroll            |     1 |    11 |     7 |     7 |     6 |     8 ||    40
         Potion            |       |     1 |       |     5 |     9 |     9 ||    24
   Stab: Sleeping          |     2 |     1 |       |       |       |       ||     3
         Distracted        |       |       |     2 |     3 |     6 |     1 ||    12
         Petrified         |       |       |       |       |     8 |       ||     8
         Petrifying        |       |       |       |       |     1 |       ||     1
         Invisible         |       |       |       |       |       |     8 ||     8
 Armour: Leather armour    |    85 |   126 |   193 |       |       |       ||   404
         Plate armour      |       |       |    19 |   476 |  1171 |   741 ||  2407
  Dodge: Dodged            |   100 |   139 |   194 |   310 |   760 |   460 ||  1963
  Block: Buckler           |       |       |       |       |       |   114 ||   114

Table legend: (Time is in decaauts)
 A = Elapsed time spent in this place.
 B = Non-inter-level travel time spent in this place.
 C = Inter-level travel time spent in this place.
 D = Time resting spent in this place.
 E = Time spent auto-exploring this place.
 F = Levels seen in this place.
 G = Mean time per level.
                   A        B        C        D        E       F      G
               +--------+--------+--------+--------+--------+-----+--------+
         Total |  25408 |  23433 |   1975 |   2251 |  13110 |  28 |  907.4 |
       Dungeon |  13549 |  12170 |   1379 |   1189 |   7603 |  15 |  903.3 |
        Temple |     61 |     39 |     22 |      0 |      0 |   1 |   61.0 |
          Lair |   6558 |   6127 |    431 |    330 |   3488 |   5 | 1311.6 |
   Spider Nest |   1063 |   1042 |     21 |    254 |    456 |   2 |  531.5 |
  Orcish Mines |   1449 |   1328 |    121 |    100 |    751 |   2 |  724.5 |
         Sewer |    967 |    967 |      0 |    109 |    404 |   1 |  967.0 |
        Bailey |    798 |    798 |      0 |     59 |    291 |   1 |  798.0 |
      Ice Cave |    961 |    961 |      0 |    209 |    115 |   1 |  961.0 |
               +--------+--------+--------+--------+--------+-----+--------+

Top non-repeatable levels by time:
  Lair:2: 1596 daAuts
  Lair:5: 1538 daAuts
     D:8: 1375 daAuts
     D:4: 1342 daAuts
  Lair:3: 1338 daAuts
     D:2: 1231 daAuts
  Lair:1: 1158 daAuts
     D:5: 1041 daAuts
     D:7: 1036 daAuts
    D:10: 1018 daAuts
     D:9: 982 daAuts
    D:13: 981 daAuts
   Sewer: 967 daAuts
Spider:1: 965 daAuts
   IceCv: 961 daAuts
